 Dungeon Crawl Stone Soup version 0.30-a0-451-ge042605de7 (webtiles) character file.

Game seed: 1624355063663615124

4 NinjaNoafa the Sneak (level 1, -3/19 HPs)
             Began as a Ghoul Delver on Dec 11, 2022.
             Was an Initiate of Hepliaklqana.
             Slain by a necrophage (6 damage)
             ... on level 4 of the Dungeon on Dec 12, 2022.
             The game lasted 00:01:52 (321 turns).

NinjaNoafa the Sneak (Ghoul Delver)                  Turns: 321, Time: 00:01:53

Health: -3/19      AC:  3    Str: 15    XL:     1   Next: 60%
Magic:  0/0        EV: 11    Int:  5    God:    Hepliaklqana [......]
Gold:   0          SH:  0    Dex: 10    Spells: 0/0 levels left

rFire   . . .      SeeInvis .      - Unarmed
rCold   + . .      Faith    .    (no shield)
rNeg    + + +      Spirit   .    b - +0 leather armour
rPois   ∞          Reflect  .    (no helmet)
rElec   .          Harm     .    (no cloak)
rCorr   .          Rampage  .    (no gloves)
Will    .....                    (no boots)
Stlth   +++.......               (no amulet)
HPRegen 0.00/turn                (no ring)
MPRegen 0.07/turn                (no ring)

@: inhibited regen
A: claws 1, cold resistance 1, negative energy resistance 3, inhibited
regeneration, torment resistance 2, devour on kill
a: Renounce Religion


You were on level 4 of the Dungeon.
You worshipped Hepliaklqana.
Hepliaklqana was noncommittal.
You visited 1 branch of the dungeon, and saw 2 of its levels.
You also visited: Ossuary.

Inventory:

Armour
 b - a +0 leather armour (worn)
Wands
 g - a wand of digging (3)
Potions
 a - 2 potions of flight
 d - a potion of lignification


   Skills:
 - Level 3.2 Fighting
 - Level 1.7 Maces & Flails
 - Level 1.7 Dodging
 - Level 5.4 Stealth
 + Level 1.2 Unarmed Combat


You couldn't memorise any spells.
You didn't know any spells.
Your spell library was empty.

Dungeon Overview and Level Annotations

Branches:
Dungeon (5/15)            Ossuary (visited)
 Temple: D:4-7

Altars:
Hepliaklqana

Annotations:
D:4 Dowan, Duvessa


Innate Abilities, Weirdness & Mutations

You are immune to poison.
You have sharp fingernails.
Your flesh is cold resistant. (rC+)
You are immune to negative energy. (rN+++)
You do not regenerate when monsters are visible.
You are immune to unholy pain and torment.
You thrive by killing the living.


Message History

The kobold shouts!
Found a potion of flight.
Found 10 gold pieces.
The necrophage barely misses you.
Dowan, Brother of Duvessa comes into view.
He is wielding a +0 vampiric dagger and wearing a +2 robe of fire resistance.
You see here a potion of flight.
a - 2 potions of flight (gained 1) Dowan shouts!
The necrophage hits you.
Duvessa, Sister of Dowan comes into view.
She is wielding a +0 short sword.
The necrophage attacks as you move away!
The necrophage hits you.
Okay, then.
The necrophage attacks as you move away!
The necrophage hits you.
Dowan gestures wildly while chanting.
Dowan blinks!
As you read the scroll of fog, it crumbles to dust.
The scroll dissolves into smoke.
The necrophage barely misses you.
It was a potion of lignification.
You feel woody for a moment. The necrophage closely misses you.
The kobold attacks as you move away! The kobold barely misses you.
The kobold attacks as you move away! The kobold closely misses you.
Found a scroll of identify.
A goblin comes into view. It is wielding a +0 club.
Found a stone staircase leading up.
The kobold attacks as you move away! The kobold hits you with a +0 dagger.
* * * LOW HITPOINT WARNING * * *
A kobold comes into view. It is wielding a +0 whip.
The goblin shouts!
Found 3 stones.
The kobold barely misses you. The kobold hits you but does no damage.
The kobold attacks as you move away! The kobold barely misses you.
The necrophage barely misses you. The kobold attacks as you move away!
The kobold hits you with a +0 dagger.
* * * LOW HITPOINT WARNING * * *
A jelly comes into view.
There is a stone staircase leading up here.
The necrophage hits you.
You die...

###.......#
....K....#
#.......#
#.......###
######........(
###......K.######
#######...#####.##
§§§§§...### #n##
§§§§##### #.@#
§§§§# ##.# #####
#.# ...# #.# ##.#
#.# #.# #J# ..#


You could see a necrophage, a jelly (asleep) and 2 kobolds.

Vanquished Creatures
  A worm (D:5)
  A spectral orc (D:5)
2 creatures vanquished.

Notes
Turn   | Place    | Note
-------+----------+-------------------------------------------
     0 | D:5      | NinjaNoafa the Ghoul Delver began the quest for the Orb.
     0 | D:5      | Reached XP level 1. HP: 19/19 MP: 0/0
    23 | D:5      | Found a hazy altar of Hepliaklqana.
    92 | D:5      | Became a worshipper of Hepliaklqana the Forgotten
   178 | D:5      | Reached skill level 1 in Unarmed Combat
   186 | D:5      | Found a sand-covered staircase.
   191 | Ossuary  | Entered an ossuary
   282 | D:4      | Noticed a necrophage
   290 | D:4      | Noticed Dowan
   292 | D:4      | Noticed Duvessa
   319 | D:4      | Noticed a jelly
   321 | D:4      | Slain by a necrophage

Illustrated notes

Levels and vault maps discovered:
D:4:      layout_rooms, minmay_temple_entry_statues_pillars,
          biasface_ghost_orc_armoury, item_on_display_a, uniq_duvessa
D:5:      layout_basic, nicolae_hepliaklqana_monster_ancestors,
          gammafunk_temple_overflow_statue, lightli_ossuary_entry_decrepit_ruins

Skill      XL: |  1 |
---------------+----+-----
Unarmed Combat | 1 |  1.2
Fighting       | |  3.2
Maces & Flails | |  1.7
Dodging        | |  1.7
Stealth        | |  5.4

Action                   || total
-------------------------++-------
Melee: Unarmed           ||    47
       Punch             ||     1
  Use: Scroll            ||     5
       Potion            ||     2
Armor: Leather armour    ||    15
Dodge: Dodged            ||    39

Table legend: (Time is in decaauts)
 A = Elapsed time spent in this place.
 B = Non-inter-level travel time spent in this place.
 C = Inter-level travel time spent in this place.
 D = Time resting spent in this place.
 E = Time spent auto-exploring this place.
 F = Levels seen in this place.
 G = Mean time per level.
                   A        B        C        D        E       F      G
               +--------+--------+--------+--------+--------+-----+--------+
         Total |    301 |    248 |     53 |      0 |     93 |   3 |  100.3 |
       Dungeon |    289 |    236 |     53 |      0 |     93 |   2 |  144.5 |
       Ossuary |     11 |     11 |      0 |      0 |      0 |   1 |   11.0 |
               +--------+--------+--------+--------+--------+-----+--------+

Top non-repeatable levels by time:
     D:5: 251 daAuts
     D:4: 38 daAuts
 Ossuary: 11 daAuts
